 Dungeon Crawl Stone Soup version 0.24.0-37-gcf1ca852f1 (webtiles) character file.

Game seed: 824022375395732916, levelgen mode: deterministic

12945 FishyPogo the Thaumaturge (level 12, -2/89 HPs)
             Began as a Gnoll Venom Mage on Nov 24, 2019.
             Was an Elder of Makhleb.
             Slain by a cyclops (33 damage)
             ... on level 11 of the Dungeon.
             The game lasted 01:09:17 (10243 turns).

FishyPogo the Thaumaturge (Gnoll Venom Mage)       Turns: 10243, Time: 01:09:18

Health: -2/89      AC:  9    Str: 13    XL:     12   Next: 0%
Magic:  17/24      EV: 25    Int: 20    God:    Makhleb [****..]
Gold:   427        SH:  0    Dex: 19    Spells: 13/27 levels left

rFire    . . .     SeeInvis +   a - +5 quarterstaff (chaos)
rCold    + . .     Gourm    .   (shield currently unavailable)
rNeg     . . .     Faith    .   x - +1 robe of the Monkey {rPois Str-4 Stlth+}
rPois    +         Spirit   .   (no helmet)
rElec    .         Reflect  .   j - +0 cloak
rCorr    .         Harm     .   u - +2 pair of gloves {Dex+3}
MR       .....                  I - +0 pair of boots
Stlth    +++++.....             (no amulet)
HPRegen  0.24/turn              A - ring "Esmozon" {rC+ Str+4 SInv}
MPRegen  0.19/turn              t - +6 ring of evasion

@: very slightly contaminated
A: distributed training, fangs 1, strong nose
a: Minor Destruction, Lesser Servant of Makhleb, Major Destruction, Renounce
Religion


You were on level 11 of the Dungeon.
You worshipped Makhleb.
Makhleb was greatly pleased with you.
You were not hungry.

You visited 3 branches of the dungeon, and saw 14 of its levels.

You collected 542 gold pieces.
You spent 115 gold pieces at shops.

Inventory:

Hand Weapons
 a - a +5 quarterstaff of chaos (weapon)
 r - a +4 scimitar
Missiles
 b - 37 stones
 v - 8 silver javelins (quivered)
 O - 13 boomerangs
 U - 7 curare-tipped darts
 V - 40 poisoned darts
Armour
 j - a +0 cloak (worn)
 u - a +2 pair of gloves of dexterity (worn)
 x - the +1 robe of the Monkey (worn) {rPois Str-4 Stlth+}
   (You found it on level 4 of the Dungeon)

   It affects your strength (-4).
   It protects you from poison.
   It makes you more stealthy.
 y - a +2 leather armour of cold resistance
 H - the +1 robe of the Grue {*Corrode rF+ rN+ Int+4}
   (You found it on level 10 of the Dungeon)

   It affects your intelligence (+4).
   It protects you from fire.
   It protects you from negative energy.
   It may corrode you when you take damage.
 I - a +0 pair of boots (worn)
Jewellery
 i - an uncursed ring of protection from fire
 t - a +6 ring of evasion (right hand)
 A - the ring "Esmozon" (left hand) {rC+ Str+4 SInv}
   (You found it on level 11 of the Dungeon)

   [ring of see invisible]

   It affects your strength (+4).
   It protects you from cold.
   It lets you see invisible.
 J - an uncursed ring of protection from magic
 L - an uncursed ring of protection from cold
Wands
 e - a wand of flame (5)
 k - a wand of digging (5)
 m - a wand of random effects (41)
 z - a wand of acid (9)
 B - a wand of iceblast (13)
 E - a wand of polymorph (25)
 G - a wand of disintegration (11)
 X - a wand of enslavement (6)
Scrolls
 g - 3 scrolls of enchant weapon
 n - a scroll of noise
 q - 4 scrolls of identify
 w - a scroll of random uselessness
 C - 5 scrolls of teleportation
 R - a scroll of summoning
 S - a scroll of enchant armour
 T - 3 scrolls of remove curse
Potions
 d - a potion of flight {unknown}
 f - a potion of brilliance {unknown}
 l - 2 potions of agility
 o - 2 potions of might
 p - 3 potions of curing
 D - 2 potions of magic
 F - a potion of invisibility
 P - a potion of heal wounds
 Z - 2 potions of resistance
Comestibles
 c - 23 rations


   Skills:
 + Level 6.7 Fighting
 + Level 6.7 Short Blades
 + Level 6.7 Long Blades
 + Level 6.7 Axes
 + Level 6.7 Maces & Flails
 + Level 6.7 Polearms
 + Level 6.7 Staves
 + Level 6.7 Slings
 + Level 6.7 Bows
 + Level 6.7 Crossbows
 + Level 6.7 Throwing
 + Level 6.7 Armour
 + Level 8.2 Dodging
 + Level 8.0 Stealth
 + Level 6.7 Shields
 + Level 6.7 Unarmed Combat
 + Level 8.4 Spellcasting
 + Level 6.0 Conjurations
 + Level 5.5 Hexes
 + Level 5.5 Charms
 + Level 5.5 Summonings
 + Level 5.5 Necromancy
 + Level 5.5 Translocations
 + Level 5.5 Transmutations
 + Level 5.5 Fire Magic
 + Level 5.5 Ice Magic
 + Level 5.5 Air Magic
 + Level 5.5 Earth Magic
 + Level 7.9 Poison Magic
 + Level 7.3 Invocations
 + Level 6.7 Evocations


You had 13 spell levels left.
You knew the following spells:

 Your Spells              Type           Power        Failure   Level  Hunger
a - Sting                 Conj/Pois      ####         1%          1    None
b - Poisonous Vapours     Pois/Air       #####.       1%          2    None
c - Mephitic Cloud        Conj/Pois/Air  ####....     1%          3    None
l - Summon Lightning Spi  Summ/Air       ####....     9%          4    ###....
y - Olgreb's Toxic Radia  Pois           #####...     3%          4    ###....

Your spell library contained the following spells:

 Spells                   Type           Power        Failure   Level  Hunger
 Animate Skeleton         Necr           N/A          1%          1    None
 Apportation              Tloc           ####..       1%          1    None
 Confusing Touch          Hex            ####..       1%          1    None
 Summon Small Mammal      Summ           ####         1%          1    None
 Call Imp                 Summ           ####....     1%          2    None
 Call Canine Familiar     Summ           ####....     2%          3    None
 Confuse                  Hex            ####....     2%          3    None
 Gell's Gravitas          Tloc           ####......   2%          3    None
 Summon Guardian Golem    Hex/Summ       ####....     2%          3    None
 Petrify                  Tmut/Erth      ####....     9%          4    ###....
 Summon Ice Beast         Ice/Summ       ####....     9%          4    ###....
 Venom Bolt               Conj/Pois      #####.....   13%         5    #####..
 Metabolic Englaciation   Hex/Ice        ####......   22%         5    #####..
 Yara's Violent Unravell  Hex/Tmut       ####......   22%         5    #####..


Dungeon Overview and Level Annotations

Branches:
Dungeon (12/15)            Temple (1/1) D:6            Lair (1/6) D:11
    Orc (0/2) D:10

Altars:
Ashenzari
Cheibriados
Dithmenos
Elyvilon
Fedhas
Gozag
Hepliaklqana
Kikubaaqudgha
Makhleb
Nemelex Xobeh
Okawaru
Qazlal
Ru
Sif Muna
Trog
Uskayaw
Vehumet
Wu Jian
Xom
Yredelemnul
Zin
The Shining One
Beogh

Shops:
D:5 [   D:7 :   D:8 ?   D:11 ?

Annotations:
D:5 1 runed translucent door, bananovenc's ghost, novice GrFi
D:9 2 transporters, jaiteiro's ghost, novice MiFi


Innate Abilities, Weirdness & Mutations

Your experience applies equally to all skills.
You have very sharp teeth.
Your uncanny sense of smell can sniff out nearby items.


Message History

You feel your intelligence returning.
Your Stealth skill increases to level 8!
Your Conjurations skill increases to level 6!
You have reached level 12!
Your experience leads to an increase in your attributes!
Your base attributes are Str 12, Int 20, Dex 15.
Increase (S)trength, (I)ntelligence, or (D)exterity?
You feel agile.
You feel stronger.
Casting: Olgreb's Toxic Radiance (safe; 3% risk of failure)
Confirm with . or Enter, or press ? or * to list all spells.
Aiming: Summon Lightning Spire (safe; 9% risk of failure)
Press: ? - help, Dir - move target cursor
Okay, then.
Casting: Summon Lightning Spire (safe; 9% risk of failure)
Confirm with . or Enter, or press ? or * to list all spells.
Aiming: Summon Lightning Spire (safe; 9% risk of failure)
Press: ? - help, Dir - move target cursor An electric hum fills the air.
The cyclops hits you!!
You die...

###.........######..####.....#
##.>.......................#
#..###.(.))................
#### #..####........#####..
##.(# ####........#..# #..##
##.###......## ##..# ##..#
#####..# #.C###..## #..#
##8@....# ##.∩## #.....##
##....# ##.....# ##)..#..
#......# ##...###.
#.###..#####...## ## ###
#.....#...######
#..#.....###8.8.
##..####..###.... #..##
##..#...8.


You could see a cyclops and a friendly lightning spire.

Vanquished Creatures
  2 two-headed ogres (D:10)
  The ghost of Sondor the Cruncher, a novice DsGl of Nemelex Xobeh (D:8)
  3 unseen horrors
  An ugly thing (D:10)
  A black mamba (Lair:1)
  A spiny frog (Lair:1)
  A kobold demonologist (D:8)
  A hornet (D:9)
  A vampire (D:9)
  A wraith (D:11)
  2 wyverns
  5 yaks
  Sigmund (D:5)
  Eustachio (D:4)
  3 hogs (D:7)
  A hungry ghost (D:9)
  A basilisk (Lair:1)
  Edmund (D:6)
  A water moccasin (D:9)
  5 sky beasts
  2 ice beasts
  6 orc warriors
  2 necrophages (D:11)
  6 centaurs
  A phantom (D:10)
  2 ogres
  10 big kobolds
  8 bullfrogs
  A gnoll sergeant (D:7)
  2 wyvern skeletons
  2 scorpions
  3 wights
  A howler monkey (D:10)
  4 centaur zombies
  2 crimson imps
  A jelly (D:9)
  Crazy Yiuf (D:2)
  2 bullfrog zombies
  2 centaur skeletons
  6 orc priests
  2 bullfrog skeletons
  5 hounds
  3 iguanas
  Terence (D:3)
  7 orc wizards
  6 worker ants
  A killer bee zombie (D:7)
  A worker ant zombie (D:9)
  16 adders
  7 gnolls (D:7)
  2 howler monkey skeletons
  2 shadow imps
  2 white imps (D:11)
  An ooze (D:3)
  An adder zombie (D:9)
  4 worms (D:2)
  A dart slug (D:1)
  8 leopard geckos
  28 orcs
  2 ball pythons (D:1)
  5 giant cockroaches
  8 goblins
  5 hobgoblins
  12 jackals
  3 quokkas
  8 bats
  6 frilled lizards
  15 kobolds
  A leopard gecko skeleton (D:4)
  4 rats
265 creatures vanquished.

Vanquished Creatures (collateral kills)
  A manticore (D:11)
  A water moccasin (Lair:1)
  A necrophage (D:9)
  A centaur (D:11)
  4 wights (D:11)
  4 orc wizards (D:11)
  A hound (D:11)
  A hound zombie (D:11)
  A worker ant zombie (D:11)
  10 white imps (D:11)
  2 orcs
27 creatures vanquished.

Vanquished Creatures (others)
  A sky beast (D:11)
  An orc (D:11)
2 creatures vanquished.

Grand Total: 294 creatures vanquished

Notes
Turn   | Place    | Note
-------+----------+-------------------------------------------
     0 | D:1      | FishyPogo the Gnoll Venom Mage began the quest for the Orb.
     0 | D:1      | Reached XP level 1. HP: 13/13 MP: 6/6
   109 | D:1      | Reached XP level 2. HP: 19/19 MP: 1/7
   160 | D:1      | Learned a level 2 spell: Poisonous Vapours
   317 | D:1      | Reached XP level 3. HP: 24/25 MP: 6/9
   322 | D:1      | Learned a level 3 spell: Mephitic Cloud
   329 | D:1      | Reached skill level 5 in Spellcasting
   590 | D:1      | Reached skill level 1 in Invocations
   832 | D:2      | Reached skill level 1 in Fighting
   832 | D:2      | Reached skill level 1 in Short Blades
   832 | D:2      | Reached skill level 1 in Long Blades
   832 | D:2      | Reached skill level 1 in Axes
   832 | D:2      | Reached skill level 1 in Maces & Flails
   832 | D:2      | Reached skill level 1 in Polearms
   832 | D:2      | Reached skill level 1 in Staves
   832 | D:2      | Reached skill level 1 in Slings
   832 | D:2      | Reached skill level 1 in Bows
   832 | D:2      | Reached skill level 1 in Crossbows
   832 | D:2      | Reached skill level 1 in Throwing
   832 | D:2      | Reached skill level 1 in Armour
   832 | D:2      | Reached skill level 1 in Shields
   832 | D:2      | Reached skill level 1 in Unarmed Combat
   832 | D:2      | Reached skill level 1 in Evocations
   832 | D:2      | Reached XP level 4. HP: 25/32 MP: 7/11
   838 | D:2      | Learned a level 4 spell: Olgreb's Toxic Radiance
   950 | D:2      | Found a runed translucent door.
   952 | D:2      | Noticed Crazy Yiuf
  1009 | D:2      | Killed Crazy Yiuf
  1009 | D:2      | Reached skill level 1 in Hexes
  1009 | D:2      | Reached skill level 1 in Charms
  1009 | D:2      | Reached skill level 1 in Summonings
  1009 | D:2      | Reached skill level 1 in Necromancy
  1009 | D:2      | Reached skill level 1 in Translocations
  1009 | D:2      | Reached skill level 1 in Transmutations
  1009 | D:2      | Reached skill level 1 in Fire Magic
  1009 | D:2      | Reached skill level 1 in Ice Magic
  1009 | D:2      | Reached skill level 1 in Air Magic
  1009 | D:2      | Reached skill level 1 in Earth Magic
  1503 | D:2      | Reached XP level 5. HP: 37/37 MP: 12/12
  1609 | D:2      | Found an opulent altar of Gozag.
  2091 | D:3      | Noticed Terence
  2100 | D:3      | Killed Terence
  2685 | D:4      | Noticed Eustachio
  2748 | D:4      | Killed Eustachio
  2748 | D:4      | Reached skill level 5 in Dodging
  2748 | D:4      | Reached XP level 6. HP: 44/44 MP: 11/14
  2831 | D:4      | Got a faintly humming robe
  3010 | D:4      | Reached XP level 7. HP: 50/50 MP: 10/15
  3383 | D:5      | Entered Level 5 of the Dungeon
  3448 | D:5      | Found a runed translucent door.
  3467 | D:6      | Noticed Edmund
  3489 | D:6      | Reached skill level 5 in Stealth
  3539 | D:6      | Identified the cursed +1 robe of the Monkey {rPois Str-4
                  | Stlth+} (You found it on level 4 of the Dungeon)
  3616 | D:6      | Killed Edmund
  3616 | D:6      | Reached XP level 8. HP: 41/57 MP: 12/16
  3735 | D:6      | Got an ichor-stained robe
  3813 | D:5      | Noticed bananovenc's ghost (novice GrFi)
  4039 | D:5      | Noticed Sigmund
  4045 | D:5      | Killed Sigmund
  4054 | D:5      | Found Ikkopture's Armour Shoppe.
  4063 | D:5      | Bought a +0 pair of gloves of dexterity for 115 gold pieces
  4119 | D:5      | Identified the +1 robe of Icrehaf {MR++} (You found it on
                  | level 6 of the Dungeon)
  4509 | D:6      | Found a staircase to the Ecumenical Temple.
  4518 | Temple   | Entered the Ecumenical Temple
  4696 | Temple   | Became a worshipper of Makhleb the Destroyer
  4909 | D:7      | Found Aquadirch's Book Emporium.
  5093 | D:7      | Reached XP level 9. HP: 63/65 MP: 4/18
  5293 | D:7      | Found an ancient bone altar of Kikubaaqudgha.
  5352 | D:7      | Noticed an unseen horror
  5352 | D:7      | a human changed into an unseen horror
  5381 | D:7      | Killed an unseen horror
  5381 | D:7      | Reached skill level 5 in Invocations
  5476 | D:8      | Found a runed translucent gate.
  5476 | D:8      | Found a runed translucent gate.
  5476 | D:8      | Found a runed translucent gate.
  5476 | D:8      | Noticed a kobold demonologist
  5476 | D:8      | Noticed Sondor's ghost (novice DsGl)
  5478 | D:8      | Identified the cursed +0 dagger of Conversion {drain, *Slow
                  | Str+4}
  5505 | D:8      | Found Amikonne's Magic Scroll Boutique.
  5720 | D:8      | Learned a level 4 spell: Summon Lightning Spire
  5856 | D:8      | Reached * piety under Makhleb
  5936 | D:8      | Found a stormy altar of Qazlal.
  6175 | D:8      | Reached XP level 10. HP: 73/73 MP: 6/20
  6212 | D:8      | Killed a kobold demonologist
  6214 | D:8      | Killed Sondor's ghost
  6214 | D:8      | Reached skill level 5 in Fighting
  6214 | D:8      | Reached skill level 5 in Short Blades
  6214 | D:8      | Reached skill level 5 in Long Blades
  6214 | D:8      | Reached skill level 5 in Axes
  6214 | D:8      | Reached skill level 5 in Maces & Flails
  6214 | D:8      | Reached skill level 5 in Polearms
  6214 | D:8      | Reached skill level 5 in Staves
  6214 | D:8      | Reached skill level 5 in Slings
  6214 | D:8      | Reached skill level 5 in Bows
  6214 | D:8      | Reached skill level 5 in Crossbows
  6214 | D:8      | Reached skill level 5 in Throwing
  6214 | D:8      | Reached skill level 5 in Armour
  6214 | D:8      | Reached skill level 5 in Shields
  6214 | D:8      | Reached skill level 5 in Unarmed Combat
  6214 | D:8      | Reached skill level 5 in Evocations
  6590 | D:9      | Found a shattered altar of Ashenzari.
  6593 | D:9      | Found a sparkling altar of Nemelex Xobeh.
  6663 | D:9      | Found a hazy altar of Hepliaklqana.
  6701 | D:9      | Reached ** piety under Makhleb
  6707 | D:9      | Reached skill level 5 in Conjurations
  6742 | D:9      | Found a transporter.
  6749 | D:9      | Noticed jaiteiro's ghost (novice MiFi)
  6749 | D:9      | Noticed a four-headed hydra
  6757 | D:9      | Found a transporter.
  6780 | D:9      | Noticed a moth of wrath
  7418 | D:10     | Entered Level 10 of the Dungeon
  7505 | D:11     | Found a frozen archway.
  7548 | D:10     | Reached XP level 11. HP: 80/80 MP: 22/22
  7701 | D:11     | Reached *** piety under Makhleb
  7719 | D:11     | Noticed a white ugly thing
  7738 | D:10     | Killed a cyan ugly thing
  7805 | D:11     | Found Askur's Magic Scroll Boutique.
  7988 | D:11     | Reached skill level 5 in Hexes
  7988 | D:11     | Reached skill level 5 in Charms
  7988 | D:11     | Reached skill level 5 in Summonings
  7988 | D:11     | Reached skill level 5 in Necromancy
  7988 | D:11     | Reached skill level 5 in Translocations
  7988 | D:11     | Reached skill level 5 in Transmutations
  7988 | D:11     | Reached skill level 5 in Fire Magic
  7988 | D:11     | Reached skill level 5 in Ice Magic
  7988 | D:11     | Reached skill level 5 in Air Magic
  7988 | D:11     | Reached skill level 5 in Earth Magic
  8072 | D:11     | Found a staircase to the Lair.
  8377 | D:10     | Noticed a two-headed ogre
  8389 | D:10     | Noticed a two-headed ogre
  8401 | D:10     | Killed a two-headed ogre
  8401 | D:10     | Reached **** piety under Makhleb
  8406 | D:10     | Killed a two-headed ogre
  8534 | D:10     | Got a fine robe
  8545 | D:10     | Identified the cursed +1 robe of the Grue {*Corrode rF+ rN+
                  | Int+4} (You found it on level 10 of the Dungeon)
  8602 | D:10     | Found a staircase to the Orcish Mines.
  8620 | D:9      | Found a stormy altar of Qazlal.
  8761 | D:10     | Found a roughly hewn altar of Beogh.
  9127 | D:11     | Noticed an unseen horror
  9138 | D:11     | Killed an unseen horror
  9162 | D:11     | Got a clouded jade ring
  9164 | D:11     | Identified the ring "Esmozon" {rC+ Str+4 SInv} (You found
                  | it on level 11 of the Dungeon)
  9185 | D:11     | Noticed a manticore
  9194 | D:11     | Killed a manticore
  9521 | Lair:1   | Entered Level 1 of the Lair of Beasts
 10153 | D:12     | Noticed an unseen horror
 10157 | D:12     | Noticed a four-headed hydra
 10212 | D:12     | Noticed a green ugly thing
 10212 | D:12     | Noticed a five-headed hydra
 10214 | D:12     | Noticed a cyclops
 10240 | D:11     | Killed an unseen horror
 10240 | D:11     | Reached XP level 12. HP: 30/89 MP: 20/24
 10243 | D:11     | Slain by a cyclops

Levels and vault maps discovered:
D:1:      nicolae_arrival_somewhat_less_tricky_arrival, layout_rooms
D:2:      layout_loops_corners, grunt_gozag_statues, uniq_crazy_yiuf_cottage
D:3:      layout_loops_ring, uniq_terence
D:4:      layout_basic, uniq_eustachio
D:5:      layout_basic, serial_shops, shop, first_ration, ebering_ghost_sewer_d,
          uniq_sigmund
D:6:      layout_basic, minmay_temple_entry_overgrown, uniq_edmund
D:7:      layout_basic, overflow_temple_1_default, serial_shops, shop,
          grunt_livestock
D:8:      layout_basic, serial_shops, shop_fountains,
          gammafunk_ghost_nasty_kobolds, grunt_qazlal_clouds
D:9:      layout_irregular_city, nicolae_overflow_hidden_temple,
          gammafunk_ghost_berserking_beasts, minmay_joined_circles
D:10:     layout_basic, minmay_orc_entry_temple_small
D:11:     layout_layer_cave, lair_entry_dummy, portal_ice_cave_entry_imps,
          serial_undead, serial_undead_a, serial_undead_d, serial_undead_b,
          serial_undead_c, serial_shops, shop
D:12:     layout_cave_pools, minmay_misc_feat_pillars
Temple:   minmay_crystal_spiral_temple
Lair:1:   layout_gridlike, special_room [special_room_bee], grunt_megastairs_2

Skill      XL: |  1  2  3  4  5  6  7  8  9 10 11 |
---------------+----------------------------------+-----
Conjurations   | 2 3 4 5 6 |  6.0
Spellcasting   | 5 6 7 8 |  8.4
Invocations    | 1 2 3 4 5 6 7 |  7.3
Fighting       | 1 2 3 4 5 6 |  6.7
Short Blades   | 1 2 3 4 5 6 |  6.7
Long Blades    | 1 2 3 4 5 6 |  6.7
Axes           | 1 2 3 4 5 6 |  6.7
Maces & Flails | 1 2 3 4 5 6 |  6.7
Polearms       | 1 2 3 4 5 6 |  6.7
Staves         | 1 2 3 4 5 6 |  6.7
Slings         | 1 2 3 4 5 6 |  6.7
Bows           | 1 2 3 4 5 6 |  6.7
Crossbows      | 1 2 3 4 5 6 |  6.7
Throwing       | 1 2 3 4 5 6 |  6.7
Armour         | 1 2 3 4 5 6 |  6.7
Shields        | 1 2 3 4 5 6 |  6.7
Unarmed Combat | 1 2 3 4 5 6 |  6.7
Evocations     | 1 2 3 4 5 6 |  6.7
Hexes          | 1 2 3 4 5 |  5.5
Charms         | 1 2 3 4 5 |  5.5
Summonings     | 1 2 3 4 5 |  5.5
Necromancy     | 1 2 3 4 5 |  5.5
Translocations | 1 2 3 4 5 |  5.5
Transmutations | 1 2 3 4 5 |  5.5
Fire Magic     | 1 2 3 4 5 |  5.5
Ice Magic      | 1 2 3 4 5 |  5.5
Air Magic      | 1 2 3 4 5 |  5.5
Earth Magic    | 1 2 3 4 5 |  5.5
Dodging        | 5 6 7 8 |  8.2
Stealth        | 5 6 7 8 |  8.0
Poison Magic   | 6 7 |  7.9

Action                   |  1- 3 |  4- 6 |  7- 9 | 10-12 || total
-------------------------+-------+-------+-------+-------++-------
Melee: Unarmed           |     7 |       |       |       ||     7
       Dagger            |    39 |     7 |       |       ||    46
       Bite              |     2 |     6 |    21 |    31 ||    60
       Quarterstaff      |       |    50 |   129 |   270 ||   449
       Mace              |       |     4 |     5 |    82 ||    91
       Punch             |       |       |       |     4 ||     4
Throw: Javelin           |       |       |     5 |     9 ||    14
       Stone             |       |       |     2 |       ||     2
       Boomerang         |       |       |     7 |     1 ||     8
 Cast: Sting             |    46 |    33 |    49 |   126 ||   254
       Poisonous Vapours |     8 |    18 |    11 |    22 ||    59
       Olgreb's Toxic Ra |       |     3 |     7 |     5 ||    15
       Mephitic Cloud    |       |     3 |    15 |    37 ||    55
       Summon Lightning  |       |       |       |    13 ||    13
Invok: Minor Destruction |       |       |       |    23 ||    23
Evoke: Wand              |       |       |       |    10 ||    10
  Use: Scroll            |       |     4 |     4 |    17 ||    25
       Potion            |       |       |       |     8 ||     8
 Stab: Sleeping          |     2 |     5 |     6 |     1 ||    14
       Confused          |       |     2 |     8 |     8 ||    18
       Petrified         |       |       |     1 |     1 ||     2
       Distracted        |       |       |       |     2 ||     2
       Paralysed         |       |       |       |     2 ||     2
       Invisible         |       |       |       |     1 ||     1
  Eat: Chunk             |       |     8 |    10 |    13 ||    31
       Ration            |       |       |       |     2 ||     2
Armor: Robe              |    12 |     8 |     1 |    24 ||    45
       Leather armour    |       |     3 |     3 |    22 ||    28
       Ring mail         |       |       |    12 |       ||    12
       Skin              |       |       |       |     1 ||     1
Dodge: Dodged            |    29 |    46 |   145 |   369 ||   589
